 Dungeon Sprint DCSS version 0.27-a0-604-g29a88b33a7 (webtiles) character file.

Game seed: 11215778208661141464

5980377 rocky1 the End of an Era (level 23, 219/219 HPs)
             Began as a Demonspawn Fighter on Mar 12, 2021.
             Was the Champion of Qazlal.
             Escaped with the Orb
             ... and 3 runes on Mar 13, 2021!
             The game lasted 01:26:43 (10695 turns).

rocky1 the End of an Era (Demonspawn Fighter)      Turns: 10695, Time: 01:26:44

Health: 219/219    AC: 52    Str: 35    XL:     23   Next: 8%
Magic:  54/54      EV: 29    Int: 14    God:    Qazlal [******]
Gold:   280        SH: 34    Dex: 19    Spells: 53/76 levels left

rFire    + + +     SeeInvis .   a - +11 broad axe of Valiance {vamp, rPois rN+ Will-}
rCold    + + .     Faith    .   E - +5 kite shield {rC+}
rNeg     + + +     Spirit   .   p - +12 pearl dragon scales of the Wary Olives {rC+ rN+}
rPois    +         Reflect  .   (helmet unavailable)
rElec    +         Harm     .   c - +2 cloak {rPois}
rCorr    .         Rampage  .   k - +2 pair of gloves "Ziutwey" {rF+ Will+}
Will     +....     NoTele   +   S - +4 pair of boots
Stlth    +.........             K - amulet of Sozoijat {rElec Regen+ Str+4 Dex+4 Stlth+}
HPRegen  1.46/turn              m - ring "Cidden" {rF+ Str+7}
MPRegen  0.34/turn              u - ring "Usidgh" {rF+ rN+ Int+4}

@: protected from fire, studying 2 skills, repel missiles
A: horns 3, slimy green scales 3, demonic guardian 3, icemail 2, augmentation 2,
condensation shield
0: Orb of Zot
}: 3/3 runes: silver, golden, iron
a: Renounce Religion, Upheaval, Elemental Force, Disaster Area


You escaped.
You worshipped Qazlal.
Qazlal was exalted by your worship.
You visited 1 branch You collected 280 gold pieces.

Inventory:

Hand Weapons
 a - the +11 broad axe of Valiance (weapon) {vamp, rPois rN+ Will-}
   (You found it in the Dungeon)

   It inflicts no extra harm, but heals its wielder when it wounds a living foe.
   It protects you from poison.
   It protects you from negative energy.
   It affects your willpower, your defense against some magical effects.
 b - the +17 lance "Wyrmbane" {slay drac, rPois rF+ rC+ AC+3}
   (You found it in the Dungeon)

   It affects your AC (+3).
   It protects you from fire.
   It protects you from cold.
   It protects you from poison.
Missiles
 s - 27 silver javelins (quivered)
Armour
 c - a +2 cloak of poison resistance (worn)
 k - the +2 pair of gloves "Ziutwey" (worn) {rF+ Will+}
   (You found it in the Dungeon)

   It protects you from fire.
   It affects your willpower, your defense against some magical effects.
 p - the +12 pearl dragon scales of the Wary Olives (worn) {rC+ rN+}
   (You found it in the Dungeon)

   It protects you from cold.
   It protects you from negative energy.
 E - a +5 kite shield of cold resistance (worn)
 S - a +4 pair of boots (worn)
Jewellery
 f - the ring "Ushoxi" {*Drain rC++ Will+++ Str+6 Stlth-}
   (You found it in the Dungeon)

   [ring of strength]

   It affects your strength (+6).
   It greatly protects you from cold.
   It affects your willpower, your defense against some magical effects.
   It causes draining when unequipped.
   It makes you less stealthy.
 m - the ring "Cidden" (right hand) {rF+ Str+7}
   (You found it in the Dungeon)

   [ring of protection from fire]

   It affects your strength (+7).
   It protects you from fire.
 u - the ring "Usidgh" (left hand) {rF+ rN+ Int+4}
   (You found it in the Dungeon)

   [ring of protection from fire]

   It affects your intelligence (+4).
   It protects you from fire.
   It protects you from negative energy.
 K - the amulet of Sozoijat (around neck) {rElec Regen+ Str+4 Dex+4 Stlth+}
   (You found it in the Dungeon)

   [amulet of regeneration]

   It affects your strength (+4).
   It affects your dexterity (+4).
   It insulates you from electricity.
   It increases your rate of regeneration.
   It makes you more stealthy.
Wands
 o - a wand of paralysis (17)
 Q - a wand of digging (4)
Scrolls
 t - 3 scrolls of enchant armour
 v - 5 scrolls of fog
 x - 7 scrolls of fear
 Y - 8 scrolls of amnesia
Potions
 d - 5 potions of brilliance
 e - 18 potions of curing
 g - 7 potions of haste
 h - 16 potions of heal wounds
 i - 4 potions of berserk rage
 j - 2 potions of invisibility
 r - 9 potions of magic
 z - 5 potions of might
 A - 11 potions of mutation
 N - 4 potions of resistance
Miscellaneous
 y - a lightning rod (4/4)
 B - a phial of floods
 G - a tin of tremorstones (2/2)
 H - a box of beasts
 L - a phantom mirror
 O - a phantom mirror
 P - the horn of Geryon
 X - a condenser vane


   Skills:
 O Level 27 Fighting
 - Level 17.8(18.9) Axes
 - Level 11.6(16.0) Maces & Flails
 - Level 2.1 Throwing
 O Level 27 Armour
 O Level 27 Dodging
 O Level 27 Shields
 O Level 27 Spellcasting
 O Level 27 Summonings
 - Level 8.1 Translocations
 + Level 23.2 Transmutations
 + Level 24.2 Earth Magic
 O Level 27 Invocations
 O Level 27 Evocations


You had 53 spell levels left.
You knew the following spells:

 Your Spells              Type           Power      Damage    Failure   Level
a - Blink                 Tloc           N/A        N/A       1%          2
b - Dragon's Call         Summ           53%        N/A       3%          9
c - Iron Shot             Conj/Erth      38%        9d8       2%          6
d - Statue Form           Tmut/Erth      67%        N/A       1%          6

Your spell library contained the following spells:

 Spells                   Type           Power      Damage    Failure   Level
 Call Imp                 Summ           100%       N/A       0%          2
 Passwall                 Tmut/Erth      84%        N/A       0%          2
 Animate Armour           Summ/Erth      100%       N/A       0%          4
 Petrify                  Tmut/Erth      100%       N/A       0%          4
 Lee's Rapid Deconstruct  Erth           51%        3d25*     0%          5
 Shadow Creatures         Summ           N/A        N/A       0%          6
 Apportation              Tloc           100%       N/A       1%          1
 Sting                    Tmut/Pois      100%       1d8       1%          1
 Gell's Gravitas          Tloc           33%        N/A       1%          3
 Ignite Poison            Fire/Tmut/Pois 64%        N/A       1%          3
 Lesser Beckoning         Tloc           33%        N/A       1%          3
 Portal Projectile        Hex/Tloc       100%       N/A       1%          3
 Stone Arrow              Conj/Erth      100%       3d13      1%          3
 Teleport Other           Tloc           66%        N/A       1%          3
 Leda's Liquefaction      Hex/Erth       38%        N/A       1%          4
 Manifold Assault         Tloc           66%        N/A       1%          4
 Passage of Golubria      Tloc           N/A        N/A       1%          4
 Summon Ice Beast         Ice/Summ       80%        N/A       1%          4
 Alistair's Intoxication  Tmut/Pois      50%        N/A       1%          5
 Irradiate                Conj/Tmut      37%        3d25      1%          5
 Summon Forest            Summ/Tloc      44%        N/A       1%          5
 Summon Mana Viper        Hex/Summ       80%        N/A       1%          5
 Yara's Violent Unravell  Hex/Tmut       37%        3d15      1%          5
 Hydra Form               Tmut           50%        N/A       1%          6
 Dragon Form              Tmut           50%        N/A       1%          7
 Summon Hydra             Summ           53%        N/A       1%          7
 Animate Skeleton         Necr           68%        N/A       2%          1
 Corona                   Hex            37%        N/A       2%          1
 Foxfire                  Conj/Fire      100%       2x1d9     2%          1
 Freeze                   Ice            100%       1d11      2%          1
 Magic Dart               Conj           100%       1d8       2%          1
 Pain                     Necr           100%       1d9       2%          1
 Shock                    Conj/Air       100%       1d9       2%          1
 Bolt of Magma            Conj/Fire/Erth 32%        4d14      2%          5
 Ensorcelled Hibernation  Hex/Ice        68%        N/A       3%          2
 Poisonous Vapours        Pois/Air       68%        N/A       3%          2
 Searing Ray              Conj           68%        3d5       3%          2
 Slow                     Hex            34%        N/A       3%          2
 Swiftness                Air            34%        N/A       3%          2
 Eringya's Noxious Bog    Tmut/Pois      37%        N/A       3%          6
 Confusing Touch          Hex            34%        N/A       8%          3
 Conjure Flame            Conj/Fire      34%        6-21      8%          3
 Dazzling Flash           Conj/Hex       68%        N/A       8%          3
 Frozen Ramparts          Ice            68%        1d8       8%          3
 Inner Flame              Hex/Fire       34%        N/A       8%          3
 Mephitic Cloud           Conj/Pois/Air  34%        N/A       8%          3
 Static Discharge         Conj/Air       34%        N/A       8%          3
 Tukima's Dance           Hex            34%        N/A       8%          3
 Vampiric Draining        Necr           17%        2d8       8%          3
 Shatter                  Erth           51%        3d39*     12%         9
 Animate Dead             Necr           17%        N/A       24%         4
 Cause Fear               Hex            17%        N/A       24%         4
 Hailstorm                Conj/Ice       34%        3d9       24%         4
 Olgreb's Toxic Radiance  Pois           34%        N/A       24%         4
 Sticky Flame             Conj/Fire      34%        2d5       24%         4
 Agony                    Necr           34%        N/A       56%         5
 Excruciating Wounds      Necr           17%        N/A       56%         5
 Fireball                 Conj/Fire      17%        3d9       56%         5
 Lightning Bolt           Conj/Air       17%        1d31      56%         5
 Metabolic Englaciation   Hex/Ice        17%        N/A       56%         5
 Silence                  Hex/Air        17%        N/A       56%         5
 Invisibility             Hex            34%        N/A       98%         6
 Simulacrum               Ice/Necr       17%        N/A       98%         6
 Starburst                Conj/Fire      17%        8x6d6     98%         6
 Discord                  Hex            17%        N/A       100%        8
 Ignition                 Fire           17%        3d7       100%        8
 Tornado                  Air            17%        N/A       100%        9


Dungeon Overview and Level Annotations

Branches:
Dungeon (1/1)

Altars:
Ashenzari
Cheibriados
Dithmenos
Elyvilon
Fedhas
Gozag
Hepliaklqana
Kikubaaqudgha
Makhleb
Nemelex Xobeh
Okawaru
Qazlal
Ru
Sif Muna
Trog
Uskayaw
Vehumet
Wu Jian
Xom
Yredelemnul
Zin
The Shining One
Beogh
Jiyva
Lugonu


Innate Abilities, Weirdness & Mutations

You have a pair of large horns on your head.
You are completely covered in slimy green scales. (AC +4, rPois)
A powerful demonic guardian rushes to your aid.
A meltable icy envelope protects you from harm. (AC +0)
Your magical and physical power is enhanced at high health.
A meltable shield of frost defends you. (SH +0)


Message History

Your icy defenses dissipate!
You resist. The hell hog breathes fire at you.
The fireball explodes!
The fireball engulfs you. You resist.
You feel protected from fire. The hell hog breathes fire at you.
The fireball explodes!
The fireball engulfs you but does no damage.
You feel more protected from fire.
The hell hog is engulfed in freezing vapours.
The hell hog breathes fire at you.
The fireball explodes!
The fireball engulfs you but does no damage.
You feel more protected from fire.
You carve the hell hog like the proverbial ham!!!
The hell hog is almost dead.
The hell hog is engulfed in freezing vapours.
You carve the hell hog like the proverbial ham!!!
The hell hog is almost dead.
The hell hog is engulfed in freezing vapours. x2
You block the hell hog's attack.
You slash the hell hog!
You kill the hell hog!
Qazlal accepts your kill.
You slice the hell hog!!
The hell hog is engulfed in freezing vapours.
You kill the hell hog!
Qazlal accepts your kill. You block the hell hog's attack.
You barely miss the hell hog. You headbutt the hell hog!!
You kill the hell hog!
Qazlal accepts your kill.
No target in view!
There is an open door to the Entrance Hall (Safe) here.
There is a staircase leading out of the dungeon here.
There are no items here.
Unknown command.
Unknown command.
You can't go down here!
You have escaped!

##########.##................''..
#...........'................''..
#'#####'#####......#..#......##..
#.#..#..)..##................##..
#.#))#####'#####'#####.'#########
#.#))#.....##.......##''#########
#.#))#.....##..○§°..##.)....'..'.
#.#[[###)####.§§....##......'..'.
#)##'#...†.##..○@...##.....##..##
#[#......†.##..○....##...###....#
#)#........##.....§.##).##.......
#)###########.......##''#)..#..#.
#.......#..*##########.))).......
#...#...#.############''#...#..#.
#...#...#)#....#....##..##.......
#.##.##.#)#....#..[.##...###...)#
#...#...#.)....'..))##.....##..##


There were no monsters in sight!

Vanquished Creatures
  Dissolution (D)
  Gloorx Vloq (D)
  the Royal Jelly (D)
  Ereshkigal (D)
  Tiamat (D)
  6 ancient liches (D)
  3 royal mummies (D)
  Boris (D)
  Frederick (D)
  3 Killer Klowns (D)
  Margery (D)
  A curse toe (D)
  Xtahua (D)
  Geryon (D)
  A golden dragon (D)
  5 pearl dragons (D)
  Nikola (D)
  Jory (D)
  Arachne (D)
  A bone dragon (D)
  6 electric golems (D)
  A Brimstone Fiend (D)
  4 Tzitzimimeh (D)
  4 pandemonium lords (D)
  2 hellephants (D)
  7 Hell Sentinels (D)
  2 tentacled monstrosities (D)
  4 Ice Fiends (D)
  27 Orb Guardians (D)
  4 liches (D)
  18 titans (D)
  2 quicksilver dragons (D)
  5 acid blobs (D)
  5 deep elf blademasters (D)
  2 deep elf master archers (D)
  5 sphinxes (D)
  A death cob (D)
  An Executioner (D)
  4 storm dragons (D)
  6 shadow dragons (D)
  2 daevas (D)
  5 nagarajas (D)
  7 azure jellies (D)
  2 deep elf sorcerers (D)
  A ghost moth (D)
  19 frost giants (D)
  2 draconian knights (D)
  15 fire giants (D)
  3 orc warlords (D)
  3 draconian scorchers (D)
  3 balrugs (D)
  Louise (D)
  2 draconian shifters (D)
  3 draconian stormcallers (D)
  A spriggan defender (D)
  A reaper (D)
  3 cacodemons (D)
  A draconian annihilator (D)
  A war gargoyle (D)
  An apis (D)
  3 green draconians (D)
  A deep elf demonologist (D)
  14 stone giants (D)
  4 vampire knights (D)
  2 minotaurs (D)
  A lorocyproca (D)
  3 deep elf annihilators (D)
  A black draconian (D)
  A yellow draconian (D)
  8 dire elephants (D)
  2 red draconians (D)
  A white draconian (D)
  4 blizzard demons (D)
  A mummy priest (D)
  13 death oozes (D)
  4 deep elf death magi (D)
  2 green deaths (D)
  An eidolon (D)
  10 ettins (D)
  5 fire dragons (D)
  A merfolk impaler (D)
  4 hydras (D)
  A boulder beetle (D)
  7 ice dragons (D)
  4 vault guards (D)
  A great orb of eyes (D)
  A naga warrior (D)
  5 catoblepae (D)
  2 spriggan air magi (D)
  A hell beast (D)
  2 merfolk avatars (D)
  An ogre mage (D)
  2 anacondas (D)
  An ice dragon (shapeshifter) (D)
  An alligator snapping turtle (D)
  3 death yaks (D)
  5 death knights (D)
  2 dancing weapons (D)
  A soul eater (D)
  3 hell hogs (D)
  2 spriggan berserkers (D)
  2 spriggans (D)
  3 hell knights (D)
  4 deep elf knights (D)
  3 sun demons (D)
  2 iron trolls (D)
  2 fire crabs (D)
  4 sixfirhies (D)
  7 skeletal warriors (D)
  A cherub (D)
  A death drake (D)
  A swamp dragon (shapeshifter) (D)
  A deep troll (D)
  5 swamp dragons (D)
  2 bog bodies (D)
  A deep elf archer (D)
  3 wizards (D)
  9 lindwurms (D)
  2 phantasmal warriors (D)
  5 harpies (D)
  A deep elf zephyrmancer (D)
  9 orc knights (D)
  2 necromancers (D)
  4 deep elf pyromancers (D)
  An orc sorcerer (D)
  An ugly thing (D)
  11 cyclopes (D)
  A merfolk siren (D)
  A moth of wrath (shapeshifter) (D)
  A manticore (D)
  A moth of wrath (D)
  6 elephants (D)
  2 molten gargoyles (D)
  2 eyes of devastation (D)
  A cane toad (D)
  A rust devil (D)
  An orange demon (D)
  2 kobold demonologists (D)
  2 hellions (D)
  A demonic crawler (D)
  4 rime drakes (D)
  6 komodo dragons (D)
  3 yaktaurs (D)
  A tormentor (D)
  Psyche (D)
  A hellwing (D)
  4 red devils (D)
  A jumping spider (D)
  2 trolls (D)
  4 merfolk (D)
  Prince Ribbit (D)
  3 hornets (D)
  6 slime creatures (D)
  5 blink frogs (D)
  A snapping turtle (D)
  A ynoxinul (D)
  A vampire (D)
  3 redbacks (D)
  4 yaks (D)
  4 wyverns (D)
  A fire elemental (D)
  A fire bat (D)
  3 golden eyes (D)
  5 steam dragons (D)
  3 basilisks (D)
  An acid dragon (D)
  4 floating eyes (D)
  3 swamp drakes (D)
  An eye of draining (D)
  A wolf (D)
  A centaur (shapeshifter) (D)
  2 kobold brigands (D)
  9 killer bees (D)
  11 wights (D)
  2 quasits (D)
  2 orc priests (D)
  A gnoll shaman (D)
  Ijyb (D)
  2 orc wizards (D)
  A hell rat (D)
  An adder (D)
  3 gnolls (D)
  2 ufetubi (D)
  An ooze (D)
  An adder skeleton (D)
  An adder simulacrum (D)
  2 leopard geckos (D)
  4 orcs (D)
  A ball python (D)
  A bat zombie (D)
  A goblin (D)
  2 hobgoblins (D)
  2 jackals (D)
  7 kobolds (D)
  A quokka (D)
  A bat (D)
  A bat simulacrum (D)
  A frilled lizard (D)
  A jackal skeleton (D)
  A leopard gecko zombie (D)
  A quokka skeleton (D)
  A rat (D)
607 creatures vanquished.

Vanquished Creatures (collateral kills)
  A pandemonium lord (D)
  A deep elf blademaster (D)
  A draconian monk (D)
  A vault guard (D)
  An orc knight (D)
  A deep elf zephyrmancer (D)
  A blink frog (D)
  A floating eye (D)
  An orc priest (D)
  A bat simulacrum (D)
10 creatures vanquished.

Vanquished Creatures (others)
  An orc (D)
1 creature vanquished.

Grand Total: 618 creatures vanquished

Notes
Turn   | Place    | Note
-------+----------+-------------------------------------------
     0 | D        | rocky1 the Demonspawn Fighter began the quest for the Orb.
     0 | D        | Reached XP level 1. HP: 18/18 MP: 1/1
    17 | D        | Reached skill level 1 in Dodging
    51 | D        | Found a bloodstained altar of Trog.
    51 | D        | Found a shimmering blue altar of Sif Muna.
    51 | D        | Found a viscous altar of Jiyva.
    51 | D        | Found a hazy altar of Hepliaklqana.
    51 | D        | Found an opulent altar of Gozag.
    52 | D        | Found a basalt altar of Yredelemnul.
    52 | D        | Found a shimmering altar of Xom.
    52 | D        | Found an ornate altar of the Wu Jian Council.
    52 | D        | Found a sacrificial altar of Ru.
    52 | D        | Found a stormy altar of Qazlal.
    52 | D        | Found an iron altar of Okawaru.
    52 | D        | Found a sparkling altar of Nemelex Xobeh.
    52 | D        | Found a burning altar of Makhleb.
    52 | D        | Found a blossoming altar of Fedhas.
    52 | D        | Found a shadowy altar of Dithmenos.
    52 | D        | Found a snail-covered altar of Cheibriados.
    54 | D        | Found a radiant altar of Vehumet.
    54 | D        | Found a corrupted altar of Lugonu.
    55 | D        | Found a hide-covered altar of Uskayaw.
    55 | D        | Found an ancient bone altar of Kikubaaqudgha.
    55 | D        | Found a broken altar of Ashenzari.
    59 | D        | Became a worshipper of Qazlal Stormbringer
    72 | D        | Noticed a floating eye
    75 | D        | Paralysed by a floating eye for 4 turns
    79 | D        | Killed a floating eye
    80 | D        | Reached skill level 5 in Shields
    80 | D        | Gained mutation: A weak demonic guardian rushes to your
                  | aid. [demonic ancestry]
    80 | D        | Reached XP level 2. HP: 24/24 MP: 1/6
    80 | D        | Gained mutation: You have a pair of small horns on your
                  | head. [demonic ancestry]
    80 | D        | Reached XP level 3. HP: 29/29 MP: 1/7
    80 | D        | Reached XP level 4. HP: 35/35 MP: 1/8
    87 | D        | Reached * piety under Qazlal
    97 | D        | Reached ** piety under Qazlal
    98 | D        | Noticed Prince Ribbit
   101 | D        | Reached skill level 5 in Axes
   113 | D        | Killed Prince Ribbit
   114 | D        | Gained mutation: A demonic guardian rushes to your aid.
                  | [demonic ancestry]
   114 | D        | Reached XP level 5. HP: 25/41 MP: 6/12
   114 | D        | Gained mutation: A meltable shield of frost defends you.
                  | (SH +0) [demonic ancestry]
   114 | D        | Reached XP level 6. HP: 29/47 MP: 6/13
   253 | D        | Reached *** piety under Qazlal
   272 | D        | Reached skill level 10 in Invocations
   276 | D        | Reached **** piety under Qazlal
   333 | D        | Noticed a blink frog
   344 | D        | Killed a blink frog
   345 | D        | Reached XP level 7. HP: 31/55 MP: 14/14
   589 | D        | Reached ***** piety under Qazlal
   925 | D        | Noticed a deep elf zephyrmancer
   925 | D        | Noticed a komodo dragon
   932 | D        | Reached skill level 5 in Fighting
   951 | D        | Killed a komodo dragon
   952 | D        | Reached skill level 5 in Armour
   959 | D        | Gained mutation: You have a pair of horns on your head.
                  | [demonic ancestry]
   959 | D        | Reached XP level 8. HP: 38/64 MP: 16/16
   964 | D        | Killed a deep elf zephyrmancer
   965 | D        | Reached skill level 5 in Dodging
  1277 | D        | Noticed a phantasmal warrior
  1280 | D        | Reached ****** piety under Qazlal
  1283 | D        | Reached XP level 9. HP: 44/72 MP: 9/18
  1283 | D        | Killed a phantasmal warrior
  1416 | D        | Noticed a fire crab
  1426 | D        | Paralysed by a floating eye for 3 turns
  1429 | D        | Killed a fire crab
  1430 | D        | Reached skill level 10 in Axes
  1430 | D        | Reached skill level 10 in Shields
  1452 | D        | Noticed a death yak
  1452 | D        | Noticed a phantasmal warrior
  1455 | D        | Killed a phantasmal warrior
  1456 | D        | Reached XP level 10. HP: 59/83 MP: 10/20
  1459 | D        | Killed a death yak
  1575 | D        | Noticed a deep elf zephyrmancer
  1578 | D        | Noticed a nagaraja
  1580 | D        | Noticed Ijyb
  1581 | D        | Killed a deep elf zephyrmancer
  1584 | D        | Noticed a bog body
  1585 | D        | Killed a nagaraja
  1586 | D        | Reached skill level 10 in Fighting
  1594 | D        | Killed Ijyb
  1600 | D        | Killed a bog body
  1701 | D        | Noticed an orange demon
  1708 | D        | Killed an orange demon
  1709 | D        | Gained mutation: You have a pair of large horns on your
                  | head. [demonic ancestry]
  1709 | D        | Reached XP level 11. HP: 92/92 MP: 22/22
  1740 | D        | Noticed a vampire knight
  1740 | D        | Noticed a minotaur
  1742 | D        | Reached skill level 15 in Invocations
  1744 | D        | Noticed a vampire knight
  1745 | D        | Killed a minotaur
  1746 | D        | Reached skill level 10 in Armour
  1746 | D        | Paralysed by something for 5 turns
  1756 | D        | Killed a vampire knight
  1757 | D        | Reached skill level 10 in Dodging
  1761 | D        | Noticed Psyche
  1761 | D        | Noticed a deep elf pyromancer
  1761 | D        | Killed a vampire knight
  1763 | D        | Killed Psyche
  1763 | D        | Killed a deep elf pyromancer
  2442 | D        | Reached skill level 1 in Throwing
  2957 | D        | Noticed a deep troll
  2964 | D        | Killed a deep troll
  2984 | D        | Noticed a purple ugly thing
  2985 | D        | Noticed a bog body
  2992 | D        | Killed a bog body
  2993 | D        | Gained mutation: A meltable icy envelope protects you from
                  | harm. (AC +0) [demonic ancestry]
  2993 | D        | Reached XP level 12. HP: 102/102 MP: 24/24
  3079 | D        | Noticed a death cob
  3079 | D        | Noticed a deep elf death mage
  3079 | D        | Noticed a catoblepas
  3079 | D        | Noticed an Executioner
  3080 | D        | Noticed a vampire knight
  3080 | D        | Killed a deep elf death mage
  3080 | D        | Killed an Executioner
  3081 | D        | Killed a vampire knight
  3097 | D        | Killed a death cob
  3104 | D        | Killed a catoblepas
  3106 | D        | Got Kiajuus's Grimoire of Virous Black Rites
  3326 | D        | Noticed an orc warlord
  3329 | D        | Killed an orc warlord
  3330 | D        | Gained mutation: A powerful demonic guardian rushes to your
                  | aid. [demonic ancestry]
  3330 | D        | Reached XP level 13. HP: 52/111 MP: 17/26
  3342 | D        | Noticed a deep elf blademaster
  3347 | D        | Killed a deep elf blademaster
  3625 | D        | Noticed an orc warlord
  3634 | D        | Killed an orc warlord
  3676 | D        | Noticed a shadow dragon
  3684 | D        | Noticed a nagaraja
  3704 | D        | Killed a shadow dragon
  3704 | D        | Killed a nagaraja
  3705 | D        | Reached skill level 15 in Axes
  4130 | D        | Got the +9 battleaxe of Patterns {pain, rElec Int+3}
  4183 | D        | Noticed a deep elf annihilator
  4184 | D        | Noticed an ancient lich
  4186 | D        | Killed a deep elf annihilator
  4186 | D        | Noticed Boris
  4187 | D        | Reached skill level 15 in Shields
  4187 | D        | Killed an ancient lich
  4187 | D        | Killed Boris
  4188 | D        | Reached skill level 15 in Fighting
  4188 | D        | Gained mutation: Your magical and physical power is
                  | slightly enhanced at high health. [demonic ancestry]
  4188 | D        | Reached XP level 14. HP: 124/124 MP: 11/28
  4189 | D        | Noticed a sphinx
  4190 | D        | Noticed a sphinx
  4192 | D        | Killed a sphinx
  4192 | D        | Killed a sphinx
  4222 | D        | Noticed a sphinx
  4223 | D        | Paralysed by a sphinx for 5 turns
  4226 | D        | Noticed a black draconian scorcher
  4232 | D        | Killed a sphinx
  4232 | D        | Noticed a deep elf sorcerer
  4233 | D        | Reached skill level 15 in Armour
  4244 | D        | Killed a black draconian scorcher
  4250 | D        | Killed a deep elf sorcerer
  4255 | D        | Noticed a nagaraja
  4263 | D        | Noticed a black draconian monk
  4263 | D        | Killed a nagaraja
  4264 | D        | Reached skill level 15 in Dodging
  4271 | D        | Killed a black draconian monk
  4367 | D        | Noticed a fire giant
  4371 | D        | Killed a fire giant
  4407 | D        | Noticed a sphinx
  4411 | D        | Killed a sphinx
  4537 | D        | Noticed a fire giant
  4548 | D        | Noticed a sphinx
  4554 | D        | Killed a fire giant
  4568 | D        | Killed a sphinx
  4569 | D        | Gained mutation: You are partially covered in slimy green
                  | scales. (AC +2) [demonic ancestry]
  4569 | D        | Reached XP level 15. HP: 37/134 MP: 30/30
  4702 | D        | Noticed a titan
  4703 | D        | Killed a titan
  4873 | D        | Got the Collected Works on Poisoning and Attacks
  4877 | D        | Got the Grimoire of the Glacier
  4877 | D        | Got the Catalogue of Conjuration
  4989 | D        | Got the ring of Disaster {rC+ Will+}
  4991 | D        | Got the ring of Opiowex {Wiz Will+ Int+3 Stlth+}
  4993 | D        | Got the ring of Soqaalecvu {rC+ Will+ Dex-5 SInv}
  4995 | D        | Got the ring of Contentment {+Blink Will- AC+6 Int+4}
  4997 | D        | Got the ring of Qimirrag {*Contam *Drain rElec rN+++ Will+
                  | MP+9}
  4999 | D        | Got the ring "Kiukua" {Fire SInv}
  5001 | D        | Got the ring "Beiloaq" {rPois rC+ Will+ Str-3 Stlth+}
  5003 | D        | Got the ring "Cidden" {rF+ Str+7}
  5005 | D        | Got the ring of Huwkujyibb {rF+ EV+6 Dex+2}
  5007 | D        | Got the ring "Xilut" {rElec AC+6 Int+2 SInv}
  5009 | D        | Got the ring "Keufax" {Ice Int+10 Dex-5 Stlth+}
  5011 | D        | Got the ring "Usidgh" {rF+ rN+ Int+4}
  5013 | D        | Got the ring of the Shining Light {rPois rF+ Str+2 Int+6
                  | Dex-5}
  5026 | D        | Got the ring of Depha {+Inv rElec MP+9 Str+6 Int-2}
  5028 | D        | Got the ring "Immal" {rPois Slay+5}
  5030 | D        | Got the amulet "Liezodde" {+Blink Will+ Regen+ Dex+4}
  5032 | D        | Got the ring "Vofi Usuteth" {Will+ Int+2 Dex+6 Stlth+}
  5034 | D        | Got the amulet "Pimif" {RegenMP rN+ MP+9 Int+3 Slay-4}
  5036 | D        | Got the ring "Ceijowaes" {Str+2 Slay+5}
  5038 | D        | Got the amulet "Hiocan" {RegenMP rN+ Will+}
  5040 | D        | Got the ring of Xis Ulyv {*Corrode +Fly rN+ Slay+5 SInv}
  5042 | D        | Got the ring "Bemyt" {+Fly rF+ Dex+2 Slay+5 Stlth+}
  5044 | D        | Got the ring "Vyqicaar" {Ice rPois Str+4}
  5046 | D        | Got the ring "Inukk" {rC+ Will+ Dex+2}
  5048 | D        | Got the amulet of Fatigue {Spirit rElec rF+}
  5050 | D        | Got the amulet of Sozoijat {rElec Regen+ Str+4 Dex+4
                  | Stlth+}
  5331 | D        | Noticed a storm dragon
  5343 | D        | Killed a storm dragon
  5354 | D        | Identified the +9 demon trident of Kevaorag {drain, Str-5
                  | Dex+3 SInv}
  5470 | D        | Learned a level 2 spell: Blink
  5480 | D        | Learned a level 9 spell: Dragon's Call
  5492 | D        | Noticed a red draconian knight
  5495 | D        | Reached skill level 1 in Spellcasting
  5495 | D        | Reached skill level 1 in Summonings
  5499 | D        | Reached skill level 1 in Maces & Flails
  5499 | D        | Reached skill level 1 in Translocations
  5507 | D        | Killed a red draconian knight
  5535 | D        | Noticed a daeva
  5535 | D        | Noticed a fire giant
  5542 | D        | Noticed a deep elf master archer
  5543 | D        | Killed a deep elf master archer
  5544 | D        | Killed a fire giant
  5549 | D        | Killed a daeva
  5556 | D        | Noticed a black draconian scorcher
  5566 | D        | Noticed a nagaraja
  5573 | D        | Killed a black draconian scorcher
  5574 | D        | Reached skill level 5 in Summonings
  5587 | D        | Killed a nagaraja
  5588 | D        | Reached skill level 5 in Maces & Flails
  5588 | D        | Reached skill level 5 in Spellcasting
  5588 | D        | Reached skill level 5 in Translocations
  5616 | D        | Reached XP level 16. HP: 61/145 MP: 23/31
  5767 | D        | Got the +12 pearl dragon scales of the Wary Olives {rC+
                  | rN+}
  5821 | D        | Noticed Arachne
  5840 | D        | Killed Arachne
  5857 | D        | Paralysed by a floating eye for 2 turns
  5876 | D        | Noticed an ancient lich
  5896 | D        | Killed an ancient lich
  6066 | D        | Got the +0 pair of gloves "Waxyesoy" {+Fly Will++ Str-4
                  | Stlth+}
  6139 | D        | Noticed a golden dragon
  6146 | D        | Reached skill level 10 in Summonings
  6155 | D        | Killed a golden dragon
  6156 | D        | Reached skill level 10 in Maces & Flails
  6156 | D        | Reached skill level 10 in Spellcasting
  6161 | D        | Found the macabre finger necklace {rN+}
  6163 | D        | Reached XP level 17. HP: 148/155 MP: 28/33
  6306 | D        | Got a silver rune of Zot
  6308 | D        | Got the ring "Kevig" {rF+ MP+9}
  6587 | D        | Reached skill level 1 in Evocations
  6589 | D        | Noticed a deep elf master archer
  6595 | D        | Killed a deep elf master archer
  6597 | D        | Noticed Nikola
  6608 | D        | Killed Nikola
  6622 | D        | Noticed an Ice Fiend
  6631 | D        | Killed an Ice Fiend
  6682 | D        | Learned a level 6 spell: Iron Shot
  6683 | D        | Noticed Louise
  6709 | D        | Killed Louise
  6719 | D        | Noticed a lich
  6720 | D        | Killed a lich
  6721 | D        | Reached skill level 5 in Evocations
  6964 | D        | Noticed an electric golem
  7012 | D        | Killed an electric golem
  7060 | D        | Noticed a titan
  7060 | D        | Noticed a titan
  7060 | D        | Noticed a titan
  7060 | D        | Noticed a titan
  7060 | D        | Noticed a titan
  7060 | D        | Noticed a titan
  7069 | D        | Killed a titan
  7071 | D        | Noticed a titan
  7073 | D        | Killed a titan
  7073 | D        | Killed a titan
  7073 | D        | Killed a titan
  7073 | D        | Killed a titan
  7073 | D        | Killed a titan
  7073 | D        | Killed a titan
  7073 | D        | Killed a titan
  7074 | D        | Reached skill level 15 in Summonings
  7074 | D        | Reached skill level 27 in Invocations
  7074 | D        | Gained mutation: You are mostly covered in slimy green
                  | scales. (AC +3) [demonic ancestry]
  7074 | D        | Reached XP level 18. HP: 141/169 MP: 27/36
  7092 | D        | Reached skill level 15 in Evocations
  7092 | D        | Gained mutation: You are completely covered in slimy green
                  | scales. (AC +4, rPois) [demonic ancestry]
  7092 | D        | Reached XP level 19. HP: 173/180 MP: 17/39
  7421 | D        | Got the amulet "Fatof" {Spirit Dex+2}
  7423 | D        | Got the Catalogue of Floating Darkness
  7423 | D        | Got a golden rune of Zot
  7429 | D        | Got the Compendium of Cankerous Stones
  7493 | D        | Noticed Geryon
  7540 | D        | Killed Geryon
  7570 | D        | Noticed a pearl dragon
  7576 | D        | Killed a pearl dragon
  7781 | D        | Noticed a pearl dragon
  7797 | D        | Killed a pearl dragon
  7805 | D        | Noticed a hellephant
  7826 | D        | Killed a hellephant
  7884 | D        | Noticed a bone dragon
  7893 | D        | Killed a bone dragon
  7920 | D        | Paralysed by a floating eye for 2 turns
  7955 | D        | Noticed the Royal Jelly
  7971 | D        | Killed the Royal Jelly
  8041 | D        | Noticed an electric golem
  8046 | D        | Noticed an ancient lich
  8048 | D        | Noticed a royal mummy
  8052 | D        | Killed an electric golem
  8052 | D        | Killed a royal mummy
  8058 | D        | Killed an ancient lich
  8060 | D        | Noticed a pearl dragon
  8072 | D        | Killed a pearl dragon
  8077 | D        | Noticed Xtahua
  8079 | D        | Noticed Oxecvoj the pandemonium lord
  8081 | D        | Killed Xtahua
  8082 | D        | Noticed a pearl dragon
  8088 | D        | Found the +4 dragonskin cloak
  8088 | D        | Noticed Tiamat
  8092 | D        | Noticed a Killer Klown
  8095 | D        | Killed a Killer Klown
  8096 | D        | Killed a pearl dragon
  8097 | D        | Killed Oxecvoj the pandemonium lord
  8098 | D        | Reached XP level 20. HP: 144/193 MP: 19/43
  8131 | D        | Killed Tiamat
  8183 | D        | Noticed an ancient lich
  8187 | D        | Killed an ancient lich
  8197 | D        | Noticed a royal mummy
  8197 | D        | Noticed a curse toe
  8197 | D        | Noticed an ancient lich
  8198 | D        | Killed an ancient lich
  8199 | D        | Killed a curse toe
  8200 | D        | Killed a royal mummy
  8559 | D        | Found the +8 lance "Wyrmbane" {slay drac, rPois rF+ rC+
                  | AC+3}
  8586 | D        | Got the ring "Sablecest" {MP+9 EV+4 Int+5 SInv}
  8589 | D        | Got the ring of Elyvilon's Delight {Str+2 SInv}
  8609 | D        | Upgraded the game from 0.27-a0-597-g524d869a0f to
                  | 0.27-a0-604-g29a88b33a7
  8624 | D        | Got an iron rune of Zot
  8703 | D        | Got the ring of the King {rN+ Will+}
  8706 | D        | Got the ring "Ushoxi" {*Drain rC++ Will+++ Str+6 Stlth-}
  8710 | D        | Got the ring "Leci" {+Fly Str+3}
  8712 | D        | Got the ring "Ichel" {Wiz rC+}
  8714 | D        | Got the ring of Unnoepe {MP+9 Str+4 Int+2}
  8718 | D        | Got the ring of Qimimaon {rPois rF+ Int+2 Dex+4}
  8721 | D        | Got the ring of Kikubaaqudgha's Favour {rC+ Dex+4}
  8959 | D        | Noticed a Killer Klown
  8981 | D        | Killed a Killer Klown
  8982 | D        | Reached skill level 27 in Fighting
  9016 | D        | Noticed an ancient lich
  9023 | D        | Killed an ancient lich
  9040 | D        | Noticed Dissolution
  9045 | D        | Paralysed by a floating eye for 2 turns
  9049 | D        | Killed Dissolution
  9264 | D        | Got the +9 broad axe of Mastery {freeze, rN+ Dex+4}
  9266 | D        | Got the +11 broad axe of Valiance {vamp, rPois rN+ Will-}
  9282 | D        | Noticed Frederick
  9303 | D        | Killed Frederick
  9304 | D        | Reached XP level 21. HP: 204/204 MP: 45/47
  9316 | D        | Got the +2 pair of gloves "Ziutwey" {rF+ Will+}
  9414 | D        | Noticed Oggat the pandemonium lord
  9430 | D        | Killed Oggat the pandemonium lord
  9431 | D        | Reached skill level 27 in Shields
  9510 | D        | Got the amulet "Sairicav" {Acrobat Str+4 Int+6 Dex-3
                  | Stlth+}
  9512 | D        | Got the ring "Nan Ipsouluy" {Dex+4 SInv}
  9514 | D        | Got the ring "Tosaf" {*Slow +Fly rF+ Will+ Str+5}
  9516 | D        | Got the amulet "Ajatyv" {Reflect rN+ Dex+3 SH+5}
  9571 | D        | Reached skill level 27 in Armour
  9578 | D        | Reached skill level 27 in Dodging
  9588 | D        | Got the ring of Pepierph {rC- Will+ AC+4 Dex+4 Slay+5}
  9590 | D        | Got the amulet "Uleps" {Acrobat +Fly Will+ Int+2}
  9624 | D        | Got the ring "Upaqe" {rPois Int+3 Dex+5 SInv Stlth+}
  9626 | D        | Got the ring "Ora Xatt" {rN+ EV+4 Dex+3 Slay-2 SInv}
  9776 | D        | Noticed Pimyenud the pandemonium lord
  9776 | D        | Noticed Jory
  9782 | D        | Noticed Margery
  9793 | D        | Killed Jory
  9797 | D        | Killed Pimyenud the pandemonium lord
  9810 | D        | Reached skill level 27 in Summonings
  9825 | D        | Killed Margery
 10003 | D        | Learned a level 6 spell: Statue Form
 10018 | D        | Reached skill level 1 in Earth Magic
 10019 | D        | Reached skill level 1 in Transmutations
 10183 | D        | Reached skill level 27 in Evocations
 10183 | D        | Gained mutation: Your magical and physical power is
                  | enhanced at high health. [demonic ancestry]
 10183 | D        | Reached XP level 22. HP: 212/212 MP: 52/52
 10190 | D        | Noticed Igovalis the pandemonium lord
 10196 | D        | Reached skill level 5 in Transmutations
 10196 | D        | Noticed a Killer Klown
 10200 | D        | Killed a Killer Klown
 10201 | D        | Reached skill level 27 in Spellcasting
 10201 | D        | Reached skill level 10 in Transmutations
 10202 | D        | Killed Igovalis the pandemonium lord
 10323 | D        | Reached skill level 15 in Earth Magic
 10363 | D        | Noticed Gloorx Vloq
 10367 | D        | Noticed Ereshkigal
 10369 | D        | Reached skill level 15 in Transmutations
 10374 | D        | Noticed a royal mummy
 10377 | D        | Killed Gloorx Vloq
 10380 | D        | Killed Ereshkigal
 10380 | D        | Killed a royal mummy
 10389 | D        | Noticed Nyecven the pandemonium lord
 10393 | D        | Killed Nyecven the pandemonium lord
 10535 | D        | Got the Orb of Zot
 10564 | D        | Gained mutation: A meltable icy envelope protects you from
                  | harm. (AC +0) [demonic ancestry]
 10564 | D        | Reached XP level 23. HP: 219/219 MP: 54/54
 10695 | D        | Escaped with the Orb!

Illustrated notes

Levels and vault maps discovered:
D:        pitsprint [storerooms_1, entrance_room_1, metal_vault_4, armoury_1,
          mini_pit_1, grid_room_1, main_hall_1, silver_pit, the_coven_3,
          the_vestibule_1, steel_vault_3, golden_pit, hallway_of_sentries,
          crystal_vault_6, iron_vault_4, final_vault]

Skill      XL: |  1  2  3  4  5  6  7  8  9 10 11 12 13 14 15 16 17 18 19 20 21 22 23 |
---------------+----------------------------------------------------------------------+-----
Axes           | 4 7 8 9 10 11 12 13 15 16 17 | 17.8
Armour         | 3 4 5 6 8 9 11 12 14 15 17 18 21 22 24 26 27 | 27.0
Dodging        | 1 3 4 5 7 9 10 12 14 15 17 18 20 22 24 25 27 | 27.0
Shields        | 5 7 8 9 10 11 12 13 15 16 18 19 21 22 24 26 27 | 27.0
Invocations    | 6 9 10 11 12 13 14 16 18 20 22 23 25 27 | 27.0
Fighting       | 4 6 7 9 10 12 13 15 17 18 20 22 23 25 27 | 27.0
Throwing       | 2 |  2.1
Spellcasting   | 5 10 14 16 19 22 26 27 | 27.0
Summonings     | 6 11 15 18 21 23 27 | 27.0
Maces & Flails | 5 10 11 | 11.6
Translocations | 5 8 |  8.1
Evocations     | 11 15 18 21 27 | 27.0
Earth Magic    | 4 23 24 | 24.2
Transmutations | 3 22 23 | 23.2

Action                   |  1- 3 |  4- 6 |  7- 9 | 10-12 | 13-15 | 16-18 | 19-21 | 22-24 || total
-------------------------+-------+-------+-------+-------+-------+-------+-------+-------++-------
Melee: War axe           |     8 |    17 |       |       |       |       |       |       ||    25
       Headbutt          |       |     5 |    14 |    37 |    90 |    86 |   246 |    39 ||   517
       Hand axe          |       |    37 |    51 |       |       |       |       |       ||    88
       Broad axe         |       |       |    29 |   133 |   281 |   240 |   432 |   103 ||  1218
       Eveningstar       |       |       |       |       |       |       |    52 |       ||    52
       Lance             |       |       |       |       |       |       |   137 |     1 ||   138
 Cast: Statue Form       |       |       |       |       |       |       |       |     1 ||     1
Invok: Upheaval          |       |     2 |     2 |    16 |    14 |       |     3 |     1 ||    38
       Disaster Area     |       |       |     1 |     5 |    10 |     5 |     9 |     6 ||    36
 Abil: Stop Flying       |       |       |       |       |     1 |       |       |       ||     1
       Evoke Flight      |       |       |       |       |     1 |       |       |       ||     1
       End Transformatio |       |       |       |       |       |       |       |     1 ||     1
  Use: Potion            |       |     1 |     2 |     5 |     4 |       |     6 |     2 ||    20
       Scroll            |       |       |       |       |     3 |     1 |    12 |       ||    16
 Stab: Petrified         |       |       |       |     9 |       |    15 |       |       ||    24
       Distracted        |       |       |       |     1 |     2 |       |     1 |     1 ||     5
       Confused          |       |       |       |       |     2 |       |       |       ||     2
       Held in net/web   |       |       |       |       |       |     1 |       |       ||     1
       Petrifying        |       |       |       |       |       |     1 |       |       ||     1
Armor: Scale mail        |     3 |     4 |       |       |       |       |       |       ||     7
       Chain mail        |       |    16 |    20 |    41 |       |       |       |       ||    77
       Plate armour      |       |       |       |     4 |    81 |     5 |       |       ||    90
       Pearl dragon scal |       |       |       |       |       |    73 |   155 |    26 ||   254
Dodge: Dodged            |       |    13 |     7 |    42 |    66 |    77 |   268 |    56 ||   529
       Repelled          |       |       |     2 |       |     3 |     9 |    10 |     3 ||    27
Block: Kite shield       |     1 |    50 |    58 |   173 |   256 |   203 |   724 |   151 ||  1616

Table legend: (Time is in decaauts) A = Elapsed time spent in this place. B = Non-inter-level travel time spent in this place. C = Inter-level travel time spent in this place. D = Time resting spent in this place. E = Time spent auto-exploring this place. F = Levels seen in this place. G = Mean time per level. A B C D E F G +--------+--------+--------+--------+--------+-----+--------+ Total | 10386 | 10021 | 365 | 4840 | 8 | 1 | 10386.0 | Dungeon | 10386 | 10021 | 365 | 4840 | 8 | 1 | 10386.0 | +--------+--------+--------+--------+--------+-----+--------+

Top non-repeatable levels by time:
       D: 10386 daAuts
